 Dungeon Crawl Stone Soup version 0.23.0 (webtiles) character file.

Game seed: 16989768246713502218

63009 night the Black Belt (level 14, -17/113 HPs)
             Began as a Demonspawn Monk on Feb 9, 2019.
             Was the Champion of Ru.
             Killed from afar by a necromancer (36 damage)
             ... with a bolt of cold
             ... on level 13 of the Dungeon.
             The game lasted 01:33:27 (26556 turns).

night the Black Belt (Demonspawn Monk)             Turns: 26556, Time: 01:33:27

Health: -17/113    AC: 18    Str: 14    XL:     14   Next: 66%
Magic:  0/18       EV: 34    Int: 14    God:    Ru [******]
Gold:   596        SH:  0    Dex: 16    Spells: 11/22 levels left

rFire    x . .     SeeInvis .     - Unarmed
rCold    x . .     Gourm    .   (no shield)
rNeg     . . .     Faith    .   f - +4 ring mail
rPois    +         Spirit   +   V - +2 helmet
rElec    .         Reflect  .   S - +2 cloak
rCorr    .         Harm     .   (no gloves)
MR       .....                  (no boots)
Stlth    ++........             R - amulet of the acrobat
HPRegen  0.28/turn              w - +2 ring of protection
MPRegen  0.32/turn              Z - ring of poison resistance

@: exhausted, acrobat, lightly drained
A: claws 2, demonic guardian 1, low mp 1, magic shield, magic regeneration,
inability to use devices, magic vulnerability 1, temperature sensitive, sturdy
frame 2
a: Draw Out Power, Power Leap, Apocalypse, Renounce Religion


You were on level 13 of the Dungeon.
You worshipped Ru.
Ru was exalted by your worship.
You were not hungry.

You visited 4 branches of the dungeon, and saw 22 of its levels.

You collected 2296 gold pieces.
You spent 1700 gold pieces at shops.

Inventory:

Hand Weapons
 b - the +6 arbalest of Wu Jian's Pride {velocity, rElec}
   (You found it on level 6 of the Lair of Beasts)

   Any bolt fired from it inflicts extra damage.
   It insulates you from electricity.
Missiles
 j - 456 stones
 m - 138 sling bullets
 p - 132 bolts
 u - 16 javelins (quivered)
Armour
 f - a +4 ring mail (worn)
 i - a scarf of resistance
 k - a +0 buckler
 E - the +1 robe "Afitteot" {MP+9}
   (You found it on level 9 of the Dungeon)

   It affects your magic capacity (+9).
 S - a +2 cloak (worn)
 V - a +2 helmet (worn)
Jewellery
 l - an uncursed ring of wizardry
 q - an uncursed amulet of magic regeneration
 t - an uncursed amulet of the gourmand
 w - a +2 ring of protection (left claw)
 D - an uncursed ring of protection from fire
 J - an uncursed ring of protection from magic {unknown}
 M - an uncursed ring of magical power
 O - a +3 ring of intelligence
 R - an amulet of the acrobat (around neck)
 X - an uncursed ring of protection from fire
 Z - a ring of poison resistance (right claw)
Scrolls
 c - 2 scrolls of blinking
 d - a scroll of amnesia
 n - 5 scrolls of teleportation
 o - 5 scrolls of fear
 r - 6 scrolls of enchant armour
 s - 3 scrolls of magic mapping
 v - 2 scrolls of identify
 y - 3 scrolls of remove curse
 C - a scroll of silence {unknown}
 K - a scroll of fog
Potions
 e - 4 potions of lignification
 g - 5 potions of flight
 h - 8 potions of curing
 x - 2 potions of resistance
 z - 3 potions of mutation
 A - 6 potions of brilliance
 B - 2 potions of ambrosia {unknown}
 F - 2 potions of magic
 G - 3 potions of heal wounds
 H - 2 potions of might
 I - a potion of haste
Comestibles
 a - 22 chunks of flesh
 Y - 25 rations


   Skills:
 - Level 11.1 Fighting
 + Level 7.8(7.7) Crossbows
 - Level 3.9 Armour
 - Level 10.2 Dodging
 - Level 1.7 Stealth
 * Level 15.3(15.2) Unarmed Combat
 + Level 4.6(4.5) Spellcasting
 - Level 6.3 Conjurations
 - Level 1.2(1.1) Charms
 - Level 1.5(1.4) Necromancy
 + Level 2.3(2.2) Air Magic


You had 11 spell levels left.
You knew the following spells:

 Your Spells              Type           Power        Failure   Level  Hunger
a - Confusing Touch       Hex            #.....       21%         1    None
b - Iskenderun's Mystic   Conj           ###.....     16%         4    ####...
c - Mephitic Cloud        Conj/Pois/Air  ##......     19%         3    ###....
d - Regeneration          Chrm/Necr      #.........   34%         3    ###....

Your spell library contained the following spells:

 Spells                   Type           Power        Failure   Level  Hunger
 Magic Dart               Conj           ###.         1%          1    None
 Searing Ray              Conj           ###...       2%          2    ##.....
 Shock                    Conj/Air       ###.         3%          1    None
 Sting                    Conj/Pois      ##..         5%          1    None
 Static Discharge         Conj/Air       ###.....     11%         3    ###....
 Infusion                 Chrm           #...         13%         1    None
 Swiftness                Chrm/Air       #.......     16%         2    ##.....
 Dazzling Spray           Conj/Hex       ##....       17%         3    ###....
 Poisonous Vapours        Pois/Air       #.....       19%         2    ##.....
 Song of Slaying          Chrm           #.......     19%         2    ##.....
 Summon Small Mammal      Summ           #...         21%         1    None
 Shroud of Golubria       Chrm/Tloc      #.........   24%         2    ##.....
 Call Imp                 Summ           #.......     30%         2    ##.....
 Spectral Weapon          Hex/Chrm       #.......     43%         3    ###....
 Force Lance              Conj/Tloc      ##......     50%         4    ####...
 Fulminant Prism          Conj/Hex       ##........   50%         4    ####...
 Call Canine Familiar     Summ           #.......     52%         3    ###....
 Confuse                  Hex            #.......     52%         3    ###....
 Gell's Gravitas          Tloc           #.........   52%         3    ###....
 Summon Guardian Golem    Hex/Summ       #.......     52%         3    ###....
 Airstrike                Air            #.........   63%         4    ####...
 Lightning Bolt           Conj/Air       ###.......   67%         5    ######.
 Summon Lightning Spire   Summ/Air       #.......     77%         4    ####...
 Venom Bolt               Conj/Pois      ##........   83%         5    ######.
 Ice Form                 Ice/Tmut       #.......     90%         4    ####...
 Olgreb's Toxic Radiance  Pois           #.......     90%         4    ####...
 Petrify                  Tmut/Erth      #.......     90%         4    ####...
 Summon Ice Beast         Ice/Summ       #.......     90%         4    ####...
 Silence                  Hex/Air        #.........   98%         5    ######.
 Metabolic Englaciation   Hex/Ice        #.........   99%         5    ######.
 Yara's Violent Unravell  Hex/Tmut       #.........   99%         5    ######.
 Conjure Ball Lightning   Conj/Air       ###.......   99%         6    #######
 Bolt of Cold             Conj/Ice       ##........   100%        6    #######
 Deflect Missiles         Chrm/Air       #.........   100%        6    #######
 Freezing Cloud           Conj/Ice/Air   ##........   100%        6    #######
 Ozocubu's Refrigeration  Ice            #.........   100%        6    #######
 Simulacrum               Ice/Necr       #.........   100%        6    #######
 Tornado                  Air            #.........   100%        9    #######


Dungeon Overview and Level Annotations

Branches:
Dungeon (13/15)            Temple (1/1) D:7            Lair (6/6) D:8
  Swamp (0/4) Lair:3       Spider (0/4) Lair:4        Slime (0/5) Lair:6
    Orc (2/2) D:12            Elf (0/3) Orc:2        Vaults (0/5) D:13

Altars:
Ashenzari
Cheibriados
Dithmenos
Elyvilon
Fedhas
Gozag
Hepliaklqana
Kikubaaqudgha
Makhleb
Nemelex Xobeh
Okawaru
Ru
Trog
Uskayaw
Vehumet
Wu Jian
Xom
Yredelemnul
Zin
The Shining One
Jiyva

Shops:
Orc:1 }   Orc:2 !!?:

Annotations:
D:4 1 runed translucent door
D:10 exclusion: ice statue
D:11 1 runed translucent door, matthes123's ghost, journeyman MiFi
D:12 3 runed translucent doors, Soedd's ghost, journeyman DgAr
Lair:2 exclusion: 2 oklob plants
Orc:2 3 runed translucent doors, HEYYEYAAE's ghost, journeyman OpHu; bosm's ghost, journeyman MfHu


Innate Abilities, Weirdness & Mutations

You have very sharp fingernails.
A weak demonic guardian rushes to your aid.
Your magical capacity is low. (-10% MP)
When hurt, damage is shared between your health and your magic reserves.
You regenerate magic rapidly.
You cannot study or use magical devices.
You are slightly vulnerable to magic. (MR-)
You are sensitive to extremes of temperature. (rF-, rC-)
Your movements are less encumbered by armour. (ER -4)


Message History

The vault guard misses you.
You mangle the vault guard!!
You kill the vault guard!
A freezing mist starts to gather...
A vault guard simulacrum comes into view.
The human simulacrum is stunned by your will and fails to attack.
Something hits you but does no damage. The human hits you but does no damage.
You hear some strange, mumbled words.
Your body is wracked with pain!
* * * LOW HITPOINT WARNING * * *
The human simulacrum completely misses you.
There is an open gate, spattered with blood here.
Things that are here:
a human corpse x2
The human is stunned by your will and fails to attack.
You hear some strange, mumbled words.
A bolt of cold appears from out of thin air!
The bolt of cold hits you!!!
You feel a terrible chill!
You die...

....# #.......###.#######
.(..## #.................#
.....# ##..#############.#
.....#####..#.....#[..(.#.#
.........#..#.....'÷...[#.#
......###...#..⌠.)'÷.⌠..#.#
.......####.#...Z.'†....#.#
.......# #.#..Zp{#.....#.#
.......####.##'Z@###')'##.#
.......)....#.....#.....#.#
.......)##..'.....#.....#.#
#.....[.##..').⌠..#..∩..#.#
#####...##..'....(#$...(#.#
#######.#.....#:?.?(#.#
#.#############.#
#...............#
#######..########


You could see a human, a human simulacrum, a wizard simulacrum and a vault guard
simulacrum.

Vanquished Creatures
  2 fire dragons (Lair:6)
  2 vault guards (D:13)
  4 hydras
  3 two-headed ogres (D:11)
  A tengu warrior (D:13)
  3 death yaks (Lair:6)
  A queen ant (D:11)
  4 orc high priests
  An unseen horror (D:12)
  A swamp dragon (Lair:6)
  A wizard (D:13)
  A lindwurm (Lair:6)
  3 orc knights (Orc:2)
  A wolf spider zombie (D:11)
  4 orc sorcerers (Orc:2)
  A deep elf mage (D:11)
  An ugly thing (D:11)
  A cyclops (D:13)
  Maurice (D:9)
  4 elephants
  2 black mambas
  4 torpor snails (Lair:6)
  6 spiny frogs
  8 komodo dragons
  2 rime drakes (Lair:6)
  A tengu conjurer (D:10)
  A polar bear (Lair:5)
  3 trolls
  A jumping spider (Lair:3)
  6 hornets (Lair:6)
  3 tyrant leeches (Lair:6)
  4 blink frogs
  8 dream sheep
  5 hippogriffs
  A meliai zombie (D:13)
  A redback (Lair:4)
  A shadow (D:13)
  A wraith (D:12)
  A wyvern (D:12)
  48 yaks
  A basilisk (Lair:6)
  17 humans (D:13)
  2 hungry ghosts
  4 vampire mosquitoes (Lair:3)
  2 steam dragons (Lair:6)
  5 wargs
  3 acid dragons
  21 soldier ants
  14 water moccasins
  A swamp drake (Lair:6)
  5 porcupines
  5 phantoms
  An ice beast (D:6)
  A hornet zombie (D:7)
  A black bear (D:8)
  An eye of draining (D:10)
  4 sky beasts
  22 orc warriors
  14 ogres
  8 centaurs
  14 crocodiles
  3 big kobolds
  17 bullfrogs
  A water moccasin zombie (D:6)
  A wyvern zombie (D:13)
  7 scorpions
  A wyvern skeleton (D:13)
  2 killer bees (D:7)
  6 wights
  An electric eel (D:10)
  3 bullfrog zombies
  A howler monkey (D:7)
  4 centaur zombies
  4 crimson imps (D:6)
  5 jellies
  13 orc priests
  5 hounds
  16 orc wizards
  5 iguanas
  2 bullfrog skeletons
  28 worker ants
  A hound zombie (D:7)
  4 gnolls (D:7)
  9 adders
  A river rat (D:6)
  5 shadow imps
  An ooze (D:3)
  6 adder skeletons
  An adder zombie (D:5)
  3 worms
  3 dart slugs
  5 leopard geckos
  59 orcs
  3 ball pythons
  2 bats (D:2)
  11 giant cockroaches
  5 goblins
  3 hobgoblins
  2 jackals (D:3)
  14 kobolds
  2 frilled lizards
  2 quokka skeletons
  3 rats
  2 plants (Lair:6)
565 creatures vanquished.

Vanquished Creatures (collateral kills)
  A hydra (Lair:4)
  An elephant (Lair:6)
  A black mamba (Lair:3)
  A torpor snail (Lair:6)
  A centaur skeleton (D:13)
  A rime drake (Lair:2)
  A komodo dragon (Lair:3)
  A hornet (D:10)
  A blink frog (Lair:6)
  A dream sheep (Lair:5)
  4 yaks
  2 humans (D:13)
  A water moccasin (Lair:6)
  An ice beast (D:7)
  An orc warrior (Orc:1)
  A sky beast (D:6)
  An ogre (D:6)
  A crocodile (Lair:3)
  5 bullfrogs
  A scorpion (D:2)
  A howler monkey (D:13)
  A bullfrog zombie (D:6)
  An orc priest (Orc:2)
  An orc wizard (Orc:2)
  Terence (D:3)
  A worker ant (D:11)
  An adder (D:3)
  A worm (D:3)
  7 orcs
  A goblin (D:2)
  A fungus (D:8)
45 creatures vanquished.

Vanquished Creatures (others)
  A two-headed ogre (D:11)
  A lindwurm (Lair:6)
  2 orc knights (Orc:2)
  A hornet (Lair:6)
  A hippogriff (Lair:4)
  3 yaks
  A vampire mosquito (Lair:3)
  A warg (D:11)
  An ice beast (D:11)
  An ogre (D:7)
  A centaur (D:11)
  A bullfrog (Lair:5)
  A killer bee (D:7)
  3 orc priests
  A worker ant (D:11)
  3 orcs
  19 fungi
  23 plants
  5 withered plants (Orc:2)
70 creatures vanquished.

Grand Total: 680 creatures vanquished

Notes
Turn   | Place    | Note
-------+----------+-------------------------------------------
     0 | D:1      | night the Demonspawn Monk began the quest for the Orb.
     0 | D:1      | Reached XP level 1. HP: 18/18 MP: 1/1
    97 | D:1      | Reached skill level 3 in Unarmed Combat
   113 | D:1      | Gained mutation: A weak demonic guardian rushes to your
                  | aid. [demonic ancestry]
   113 | D:1      | Reached XP level 2. HP: 22/24 MP: 2/2
  1125 | D:2      | Noticed a scorpion
  1135 | D:2      | Killed a scorpion
  1135 | D:2      | Reached skill level 4 in Unarmed Combat
  1135 | D:2      | Gained mutation: You have sharp fingernails. [demonic
                  | ancestry]
  1135 | D:2      | Reached XP level 3. HP: 29/29 MP: 3/3
  1171 | D:2      | Gained mutation: Your movements are slightly less
                  | encumbered by armour. (ER -2) [demonic ancestry]
  1171 | D:2      | Reached XP level 4. HP: 33/35 MP: 4/4
  1881 | D:3      | Reached skill level 5 in Unarmed Combat
  1881 | D:3      | Reached XP level 5. HP: 33/41 MP: 5/5
  2023 | D:3      | Noticed Terence
  2031 | D:3      | Killed Terence
  2527 | D:4      | Found a glowing silver altar of Zin.
  2530 | D:4      | Found a runed translucent door.
  2530 | D:4      | Noticed an angel
  2593 | D:4      | Reached skill level 6 in Unarmed Combat
  2731 | D:4      | Gained mutation: When hurt, damage is shared between your
                  | health and your magic reserves. [demonic ancestry]
  2731 | D:4      | Reached XP level 6. HP: 32/47 MP: 6/6
  3521 | D:5      | Entered Level 5 of the Dungeon
  3537 | D:5      | Reached skill level 7 in Unarmed Combat
  3766 | D:5      | Reached XP level 7. HP: 37/52 MP: 4/7
  4042 | D:6      | Reached skill level 8 in Unarmed Combat
  4479 | D:6      | Reached skill level 9 in Unarmed Combat
  4479 | D:6      | Reached XP level 8. HP: 51/58 MP: 8/8
  4597 | D:6      | Reached skill level 10 in Unarmed Combat
  5408 | D:7      | Found a staircase to the Ecumenical Temple.
  5423 | Temple   | Entered the Ecumenical Temple
  5598 | Temple   | Became a worshipper of Ru the Awakened
  5611 | D:7      | Gained mutation: You are sensitive to extremes of
                  | temperature. (rF-, rC-) [Ru sacrifice]
  5611 | D:7      | Reached * piety under Ru
  5611 | D:7      | Reached ** piety under Ru
  5763 | D:7      | Reached XP level 9. HP: 56/64 MP: 7/9
  6007 | D:7      | Reached skill level 11 in Unarmed Combat
  6744 | D:8      | Found a staircase to the Lair.
  6756 | D:8      | Reached skill level 5 in Fighting
  6807 | D:8      | Reached skill level 5 in Dodging
  6938 | D:8      | Found a snail-covered altar of Cheibriados.
  6940 | D:8      | Found a glowing golden altar of the Shining One.
  7173 | D:9      | Noticed a troll
  7185 | D:9      | Killed a troll
  7273 | D:9      | Reached XP level 10. HP: 70/76 MP: 10/10
  7341 | D:9      | Noticed Maurice
  7355 | D:9      | Killed Maurice
  7409 | D:9      | Got a silken robe
  7420 | D:9      | Identified the +1 robe "Afitteot" {MP+9} (You found it on
                  | level 9 of the Dungeon)
  7488 | D:9      | Gained mutation: You are slightly vulnerable to magic.
                  | (MR-) [Ru sacrifice]
  7488 | D:9      | Reached *** piety under Ru
  7488 | D:9      | Reached **** piety under Ru
  7953 | D:10     | Entered Level 10 of the Dungeon
  8770 | D:10     | Reached skill level 12 in Unarmed Combat
  9603 | D:10     | Noticed an ice statue
  9677 | D:11     | Noticed a cyan ugly thing
  9682 | D:11     | Noticed a two-headed ogre
 10026 | Lair:1   | Entered Level 1 of the Lair of Beasts
 10325 | Lair:1   | Noticed a spiny frog
 10336 | Lair:1   | Killed a spiny frog
 10795 | Lair:1   | Gained mutation: Your movements are less encumbered by
                  | armour. (ER -4) [demonic ancestry]
 10795 | Lair:1   | Reached XP level 11. HP: 78/86 MP: 11/11
 11103 | Lair:2   | Noticed an oklob plant
 11106 | Lair:2   | Noticed an oklob plant
 11474 | Lair:2   | Gained mutation: Your magical capacity is low. (-10% MP)
                  | [Ru sacrifice]
 12432 | Lair:3   | Found a staircase to the Swamp.
 12739 | Lair:4   | Noticed a five-headed hydra
 12811 | Lair:4   | Noticed an eight-headed hydra
 12823 | Lair:4   | Killed an eight-headed hydra
 12823 | Lair:4   | Reached skill level 1 in Crossbows
 12867 | Lair:4   | Reached skill level 13 in Unarmed Combat
 13130 | Lair:4   | Found a hole to the Spider Nest.
 13842 | Lair:4   | Killed a five-headed hydra
 13842 | Lair:4   | Reached XP level 12. HP: 25/97 MP: 4/10
 15005 | Lair:5   | Reached skill level 10 in Fighting
 15398 | Lair:5   | Learned a level 1 spell: Confusing Touch
 15702 | Lair:5   | Gained mutation: You cannot study or use magical devices.
                  | [Ru sacrifice]
 15702 | Lair:5   | Reached ***** piety under Ru
 15702 | Lair:5   | Reached ****** piety under Ru
 15797 | Lair:5   | Noticed a five-headed hydra
 15807 | Lair:5   | Killed a five-headed hydra
 15819 | Lair:5   | Learned a level 4 spell: Iskenderun's Mystic Blast
 16507 | Lair:6   | Entered Level 6 of the Lair of Beasts
 16515 | Lair:6   | Noticed a four-headed hydra
 16530 | Lair:5   | Killed a four-headed hydra
 16530 | Lair:5   | Reached skill level 1 in Conjurations
 16532 | Lair:5   | Reached skill level 1 in Spellcasting
 17076 | Lair:6   | Noticed a five-headed hydra
 17088 | Lair:5   | Killed a five-headed hydra
 17284 | Lair:5   | Reached skill level 5 in Crossbows
 17309 | Lair:5   | HP: 3/98 [elephant (8)]
 17905 | Lair:6   | Gained mutation: You regenerate magic rapidly. [demonic
                  | ancestry]
 17905 | Lair:6   | Reached XP level 13. HP: 93/104 MP: 12/15
 17969 | Lair:6   | Got a warped arbalest
 17970 | Lair:6   | Identified the +6 arbalest of Wu Jian's Pride {velocity,
                  | rElec} (You found it on level 6 of the Lair of Beasts)
 17980 | Lair:6   | Found a viscous altar of Jiyva.
 17982 | Lair:6   | Found a staircase to the Slime Pits.
 18016 | Lair:6   | Reached skill level 5 in Conjurations
 19025 | Lair:6   | Found a runed translucent door.
 19026 | Lair:6   | Noticed a fire dragon
 19364 | Lair:6   | Reached skill level 14 in Unarmed Combat
 19437 | Lair:6   | Paralysed by a hornet for 3 turns
 20061 | Lair:6   | Noticed a fire dragon
 20087 | Lair:6   | Killed a fire dragon
 20087 | Lair:6   | Reached skill level 1 in Armour
 20536 | Lair:6   | Killed a fire dragon
 20709 | D:8      | Got a blackened leather armour
 20720 | D:8      | Identified the cursed +1 leather armour of the Dwarven Hall
                  | {rC+ rCorr Str-5} (You found it on level 8 of the Dungeon)
 21202 | D:11     | Found a runed translucent door.
 21202 | D:11     | Noticed matthes123's ghost (journeyman MiFi)
 22278 | D:11     | Reached skill level 10 in Dodging
 22336 | D:12     | Found a staircase to the Orcish Mines.
 22565 | D:12     | Gained mutation: You have very sharp fingernails. [demonic
                  | ancestry]
 22565 | D:12     | Reached XP level 14. HP: 111/111 MP: 17/17
 22890 | D:12     | Found a runed translucent gate.
 22890 | D:12     | Found a runed translucent gate.
 22893 | D:12     | Found a runed translucent gate.
 22895 | D:12     | Noticed Soedd's ghost (journeyman DgAr)
 23039 | D:12     | Learned a level 3 spell: Mephitic Cloud
 23174 | Orc:1    | Entered Level 1 of the Orcish Mines
 24050 | Orc:1    | Found Quyckeeg's Gadget Emporium.
 24256 | Orc:2    | Entered Level 2 of the Orcish Mines
 24446 | Orc:2    | Found a staircase to the Elven Halls.
 24762 | Orc:2    | Learned a level 3 spell: Regeneration
 24910 | Orc:2    | Found a runed translucent gate.
 24910 | Orc:2    | Found a runed translucent gate.
 24910 | Orc:2    | Found a runed translucent gate.
 24989 | Orc:2    | Noticed HEYYEYAAE's ghost (journeyman OpHu)
 24989 | Orc:2    | Noticed bosm's ghost (journeyman MfHu)
 25159 | Orc:2    | Reached skill level 1 in Necromancy
 25159 | Orc:2    | Reached skill level 1 in Charms
 25179 | Orc:2    | Paralysed by an orc sorcerer for 5 turns
 25203 | Orc:2    | Paralysed by an orc sorcerer for 5 turns
 25441 | Orc:2    | Reached skill level 15 in Unarmed Combat
 25455 | Orc:2    | Found Igalel Fyts's Distillery.
 25455 | Orc:2    | Found Heqis's Distillery.
 25464 | Orc:2    | Found Kowolene's Magic Scroll Boutique.
 25464 | Orc:2    | Found Eteuhol's Book Emporium.
 25498 | Orc:2    | Bought a book of the Sky for 1105 gold pieces
 25498 | Orc:2    | Bought a book of Air for 595 gold pieces
 25936 | D:13     | Reached skill level 1 in Air Magic
 26024 | D:13     | Found a sparkling altar of Nemelex Xobeh.
 26515 | D:13     | Found a gate to the Vaults.
 26556 | D:13     | Killed from afar by a necromancer

Skill      XL: |  1  2  3  4  5  6  7  8  9 10 11 12 13 14 |
---------------+-------------------------------------------+-----
Unarmed Combat | 3 4 5 6 7 9 10 11 12 13 14 15 | 15.3
Dodging        | 3 5 7 8 9 10 | 10.2
Fighting       | 5 8 9 10 11 | 11.1
Crossbows      | 2 5 6 7 |  7.8
Conjurations   | 4 6 |  6.3
Spellcasting   | 2 3 4 |  4.6
Armour         | 3 |  3.9
Necromancy     | 1 |  1.5
Charms         | 1 |  1.2
Air Magic      | 2 |  2.3
Stealth        | |  1.7

Action                   |  1- 3 |  4- 6 |  7- 9 | 10-12 | 13-15 || total
-------------------------+-------+-------+-------+-------+-------++-------
Melee: Unarmed           |    60 |   178 |   321 |   751 |  1073 ||  2383
       Punch             |       |     2 |    11 |    53 |    88 ||   154
 Fire: Blowgun           |       |       |     3 |       |       ||     3
       Arbalest          |       |       |       |    37 |    68 ||   105
Throw: Javelin           |       |       |     1 |     1 |       ||     2
 Cast: Iskenderun's Myst |       |       |       |       |     3 ||     3
Invok: Sacrifice Resista |       |       |     1 |       |       ||     1
       Power Leap        |       |       |       |     9 |     3 ||    12
       Sacrifice Essence |       |       |       |     2 |       ||     2
       Draw Out Power    |       |       |       |     2 |     1 ||     3
       Sacrifice Artific |       |       |       |     1 |       ||     1
       Apocalypse        |       |       |       |       |     1 ||     1
Evoke: Wand              |       |       |       |     1 |       ||     1
  Use: Scroll            |       |       |     7 |    15 |     5 ||    27
       Potion            |       |       |     3 |     2 |       ||     5
 Stab: Distracted        |     1 |       |     2 |     8 |    18 ||    29
       Sleeping          |       |     4 |     5 |     3 |     2 ||    14
       Invisible         |       |       |     2 |     4 |     6 ||    12
       Paralysed         |       |       |       |       |    19 ||    19
  Eat: Chunk             |     1 |    13 |    11 |    22 |    29 ||    76
       Ration            |       |     1 |       |     2 |       ||     3
Armor: Robe              |     7 |       |       |       |       ||     7
       Ring mail         |    12 |    52 |    95 |   236 |   218 ||   613
Dodge: Dodged            |    22 |   100 |   174 |   550 |   704 ||  1550
